 Dungeon Crawl Stone Soup version 0.31-a0-841-g038b102fc3 (webtiles) character file.

Game seed: 17741786761122455234

27 lunkers the Ruffian (level 3, -4/28 HPs)
             Began as a Meteoran Shapeshifter on Sept 27, 2023.
             Slain by a gnoll
             ... wielding a +0 halberd
              (10 damage)
             ... on level 2 of the Dungeon.
             The game lasted 00:01:03 (524 turns).

lunkers the Ruffian (Meteoran Shapeshifter)          Turns: 524, Time: 00:01:03

Health: -4/28      AC:  8    Str: 16    XL:     3   Next: 44%
Magic:  0/4        EV:  7    Int: 11    God:
Gold:   18         SH:  0    Dex: 15    Spells: 2/2 levels left

rFire   + .          .
                       - Unarmed
rCold   . . .        (no shield)
rNeg    . . .        h - +0 chain mail
rPois   .            (helmet currently unavailable)
rElec   .            (cloak currently unavailable)
rCorr   .            (gloves currently unavailable)
SInv    .            (boots currently unavailable)
Will    .....        g - amulet of guardian spirit Stlth
                     n - ring of protection from fire
HPRegen 0.24/turn    (no ring)
MPRegen 0.09/turn

%: guardian spirit
@: beast-form, glowing
A: beast (slay +2), sense surroundings 1, otherworldly, glowing, explore regen
a: Begin Untransformation


You were on level 2 of the Dungeon.
You were a hulking beast.
You visited 1 branch of the dungeon, and saw 2 of its levels.

You collected 18 gold pieces.

Inventory:

Armour
 a - a +0 animal skin
 h - a +0 chain mail (worn)
 i - a +1 helmet
Jewellery
 g - an amulet of guardian spirit (around neck)
 n - a ring of protection from fire (left hand)
Talismans
 c - a beast talisman (active)
 d - a flux talisman
Scrolls
 j - a scroll of enchant armour
 l - 2 scrolls of fear {unknown}
Potions
 b - 2 potions of lignification
 e - a potion of curing {unknown}
 f - a potion of attraction {unknown}
 k - a potion of cancellation {unknown}
 m - a potion of degeneration {unknown}


   Skills:
 - Level 1.1 Fighting
 - Level 2.1 Dodging
 * Level 4.6 Unarmed Combat
 + Level 4.1 Shapeshifting


You had 2 spell levels left.
You didn't know any spells.
Your spell library contained the following spells:

 Spells                   Type           Power      Damage    Failure   Level
 Inner Flame              Hex/Fire       0%         N/A       100%        3
 Flame Wave               Conj/Fire      0%         2d4       100%        4
 Sticky Flame             Conj/Fire      0%         2d3       100%        4


Dungeon Overview and Level Annotations

Branches:
Dungeon (2/15) Zot: 660

Altars:


Innate Abilities, Weirdness & Mutations

You are a hulking beast.
Your limbs bulge with bestial killing power. (Slay +2)
You passively map a small area around you.
You are easily found by Zot.
You glow in the dark.
You regain HP and MP as you explore.


Message History

You struggle against the net.
A gnoll comes into view. It is wielding a +4 spear.
You struggle against the net.
You rip the net and break free!
The gnoll hits you from afar with a +4 spear.
The gnoll hits you with a +0 halberd. The gnoll hits you with a +0 club.
The gnoll hits you but does no damage. The gnoll barely misses you.
The gnoll hits you but does no damage.
You hit the gnoll.
The gnoll is heavily wounded.
The gnoll barely misses you. The gnoll hits you but does no damage.
The gnoll hits you from afar with a +0 halberd!
* * * LOW HITPOINT WARNING * * *
You hit the gnoll.
The gnoll is moderately wounded.
Unknown command.
You punch the gnoll!
The gnoll is almost dead.
The gnoll hits you with a +4 spear.
* * * LOW HITPOINT WARNING * * *
The gnoll hits you with a +0 club.
* * * LOW HITPOINT WARNING * * *
The gnoll hits you from afar with a +0 halberd.
* * * LOW HITPOINT WARNING * * *
Okay, then.
Unknown command.
You closely miss the gnoll.
The gnoll is almost dead.
The gnoll closely misses you. The gnoll barely misses you. x2
Unknown command.
Unknown command.
You hit the gnoll but do no damage. You punch the gnoll.
You kill the gnoll!
The gnoll hits you but does no damage.
The gnoll hits you from afar with a +0 halberd.
* * * LOW HITPOINT WARNING * * *
Your Shapeshifting skill increases to level 4!
The gnoll hits you but does no damage. The gnoll hits you with a +0 halberd!
* * * LOW MAGIC WARNING * * *
You die...

**,..... ,, , ....
. , .... , ...
*#..##### ...
#..#.>. ,
....###....###### ,
.....$.)........ *
.....#........?, ,
, ......gh.....##*
, ........g....# *
.............###.#
.###.............#
*
.............####*
,
................##
,
.............##..#
, *
,............##**.#
*# ....#....##.###
.####..


You could see 2 gnolls.

Vanquished Creatures
  A gnoll (D:2)
  2 bats (D:1)
  2 endoplasms (D:1)
  A goblin (D:1)
  2 hobgoblins (D:1)
  A kobold (D:1)
  A quokka (D:2)
  3 ball pythons (D:1)
  A frilled lizard (D:1)
  3 rats (D:1)
17 creatures vanquished.

Notes
Turn   | Place    | Note
-------+----------+-------------------------------------------
     0 | D:1      | lunkers the Meteoran Shapeshifter began the quest for the
                  | Orb.
     0 | D:1      | Reached XP level 1. HP: 16/16 MP: 2/2
   125 | D:1      | Reached XP level 2. HP: 20/23 MP: 3/3
   483 | D:1      | Glimpsed the power of Zot.
   503 | D:2      | Reached XP level 3. HP: 28/28 MP: 2/4
   524 | D:2      | Slain by a gnoll

Illustrated notes

Levels and vault maps discovered:
D:1:      amcnicky_arrival_flooded_fountain, layout_loops_corners, serial_bayou,
          serial_bayou_shore_a, serial_bayou_pond_d, serial_bayou_ford_a,
          serial_bayou_pond_c
D:2:      layout_rooms, serial_shops, shop, grunt_ministairs_1

Skill      XL: |  1  2  3 |
---------------+----------+-----
Unarmed Combat | 4 |  4.6
Shapeshifting  | 4 |  4.1
Fighting       | |  1.1
Dodging        | |  2.1

Action                     || total
---------------------------++-------
  Melee: Unarmed           ||    42
         Punch             ||     1
    Use: Scroll            ||     1
 Armour: Animal skin       ||     3
         Chain mail        ||    37
  Dodge: Dodged            ||    24

Table legend: (Time is in decaauts)
 A = Elapsed time spent in this place.
 B = Non-inter-level travel time spent in this place.
 C = Inter-level travel time spent in this place.
 D = Time resting spent in this place.
 E = Time spent auto-exploring this place.
 F = Levels seen in this place.
 G = Mean time per level.
                   A        B        C        D        E       F      G
               +--------+--------+--------+--------+--------+-----+--------+
         Total |    538 |    531 |      7 |      0 |    371 |   2 |  269.0 |
       Dungeon |    538 |    531 |      7 |      0 |    371 |   2 |  269.0 |
               +--------+--------+--------+--------+--------+-----+--------+

Top non-repeatable levels by time:
     D:1: 507 daAuts
     D:2: 31 daAuts
